 Dungeon Crawl Stone Soup version 0.30.1-4-g462c640d31 (webtiles) character file.

Game seed: 4519469400715727187

47 Graphine the Grave Robber (level 3, -2/24 HPs)
             Began as a Human Necromancer on Sept 14, 2023.
             Killed from afar by Natasha (9 damage)
             ... with a puff of flame
             ... on level 2 of the Dungeon.
             The game lasted 00:04:48 (1042 turns).

Graphine the Grave Robber (Human Necromancer)       Turns: 1042, Time: 00:04:48

Health: -2/24      AC:  2    Str: 10    XL:     3   Next: 97%
Magic:  3/7        EV: 12    Int: 15    God:
Gold:   70         SH:  0    Dex: 13    Spells: 3/7 levels left

rFire   . . .        k - +0 quarterstaff
rCold   . . .        (shield currently unavailable)
rNeg    . . .        a - +0 robe
rPois   +            (no helmet)
rElec   .            h - scarf {+Inv}
rCorr   .            (no gloves)
SInv    .            (no boots)
Will    .....        (no amulet)
Stlth   ++           o - ring of poison resistance
HPRegen 0.24/turn    (no ring)
MPRegen 0.10/turn

%: no passive effects
@: no status effects
A: no striking features
a: Evoke Invisibility


You were on level 2 of the Dungeon.
You visited 1 branch of the dungeon, and saw 2 of its levels.

You collected 70 gold pieces.

Inventory:

Hand Weapons
 k - a +0 quarterstaff (weapon)
Missiles
 d - 3 curare-tipped darts
Armour
 a - a +0 robe (worn)
 h - a scarf of invisibility (worn)
 q - a +0 ring mail
Magical Staves
 c - a staff of poison
Jewellery
 o - a ring of poison resistance (left hand)
Scrolls
 e - 4 scrolls of teleportation {unknown}
 f - a scroll of immolation {unknown}
 j - a scroll of fog
 m - 2 scrolls of identify {unknown}
 n - a scroll of vulnerability {unknown}
Potions
 b - a potion of magic
 g - 2 potions of ambrosia {unknown}
 i - a potion of cancellation {unknown}
 l - a potion of brilliance
 p - a potion of invisibility {unknown}


   Skills:
 + Level 2.4 Dodging
 - Level 2.0 Stealth
 * Level 2.8 Spellcasting
 * Level 4.5 Necromancy


You had 3 spell levels left.
You knew the following spells:

 Your Spells              Type           Power      Damage    Failure   Level
a - Necrotise             Necr           60%        1d7       3%          1
b - Vampiric Draining     Necr           15%        2d7       10%         3

Your spell library contained the following spells:

 Spells                   Type           Power      Damage    Failure   Level
 Gell's Gravitas          Tloc           2%         N/A       52%         3
 Teleport Other           Tloc           2%         N/A       52%         3
 Vhi's Electric Charge    Tloc/Air       4%         N/A       52%         3
 Animate Dead             Necr           15%        N/A       32%         4
 Agony                    Necr           15%        N/A       65%         5
 Arcjolt                  Conj/Air       1%         1d11      99%         5
 Dispersal                Tloc           1%         N/A       100%        6
 Plasma Beam              Fire/Air       1%         2x1d12    100%        6


Dungeon Overview and Level Annotations

Branches:
Dungeon (2/15)

Altars:

Annotations:
D:2 Natasha


Message History

The hobgoblin writhes in agony!
You kill the hobgoblin!
The dead are walking!
Your hobgoblin skeleton crumbles into dust!
e - 4 scrolls labelled SAHOIX SUREPI (gained 3)
Found 3 stones.
You now have 70 gold pieces (gained 13).
Found a stone staircase leading up.
Natasha, Servant of Life and Death comes into view.
She is carrying a wand of flame (20).
Natasha hisses angrily.
Natasha drinks a potion.
Natasha's spells are empowered!
Casting: Necrotise (safe; 3% risk of failure)
Confirm with . or Enter, or press ? or * to list all spells.
Aiming: Necrotise (safe; 3% risk of failure)
Press: ? - help, Shift-Dir - straight line, f - Natasha
Aim: Natasha, carrying a wand of flame (20) (spells empowered, chance to affect: 72%) Natasha writhes in agony.
Casting: Necrotise (safe; 3% risk of failure)
Confirm with . or Enter, or press ? or * to list all spells.
Aiming: Necrotise (safe; 3% risk of failure)
Press: ? - help, Shift-Dir - straight line, f/p - Natasha
Aim: Natasha, carrying a wand of flame (20) (lightly wounded, spells empowered, chance to affect: 72%) Natasha writhes in agony.
Natasha zaps a wand.
The puff of flame hits you!
Casting: Necrotise (safe; 3% risk of failure)
Confirm with . or Enter, or press ? or * to list all spells.
Aiming: Necrotise (safe; 3% risk of failure)
Press: ? - help, Shift-Dir - straight line, f/p - Natasha
Aim: Natasha, carrying a wand of flame (19) (moderately wounded, spells empowered, chance to affect: 72%) Natasha writhes in agony.
Natasha zaps a wand.
The puff of flame hits you!
* * * LOW HITPOINT WARNING * * *
Okay, then.
As you read the scroll of fog, it crumbles to dust.
The scroll dissolves into smoke.
Casting: Necrotise (safe; 3% risk of failure)
Confirm with . or Enter, or press ? or * to list all spells.
Aiming: Necrotise (safe; 3% risk of failure)
Press: ? - help, Shift-Dir - straight line, f/p - Natasha
Aim: Natasha, carrying a wand of flame (18) (grey smoke, severely wounded, spells empowered, chance to affect: 72%) Natasha writhes in agony.
Natasha zaps a wand.
The puff of flame hits you!
You die...

..##....# #.#....#
..#####.########.###
...............#.#
...........###.#.#
##########..##.#.#
#..##.#.# #.....#.#
#.##..#.# #.###.§@#
#.# #§§§# #(# #§h§#
#.# #§§§# #.#
#§§§§§.h..# #.#
#§§§..##.##
#.#.........
#.#......<...
#......###.#


You could see Natasha (empowered).

Vanquished Creatures
  A dart slug (D:1)
  A worm (D:2)
  3 ball pythons
  An endoplasm (D:1)
  2 giant cockroaches
  5 goblins
  6 hobgoblins
  2 jackals (D:2)
  2 kobolds
  2 quokkas
  3 bats (D:1)
  5 frilled lizards
33 creatures vanquished.

Vanquished Creatures (collateral kills)
  A dart slug (D:1)
  A hobgoblin (D:1)
  A rat (D:1)
3 creatures vanquished.

Grand Total: 36 creatures vanquished

Notes
Turn   | Place    | Note
-------+----------+-------------------------------------------
     0 | D:1      | Graphine the Human Necromancer began the quest for the Orb.
     0 | D:1      | Reached XP level 1. HP: 13/13 MP: 3/3
   103 | D:1      | Reached XP level 2. HP: 19/19 MP: 0/5
   210 | D:1      | Reached XP level 3. HP: 17/24 MP: 3/6
   241 | D:1      | Learned a level 3 spell: Vampiric Draining
  1034 | D:2      | Noticed Natasha
  1042 | D:2      | Killed from afar by Natasha

Illustrated notes

Levels and vault maps discovered:
D:1:      mrwooster_arrival_statue_3, layout_rooms
D:2:      layout_basic, st_stairs_14, uniq_natasha

Action                     || total
---------------------------++-------
  Melee: Staff             ||    23
         Punch             ||     1
         Quarterstaff      ||     9
   Cast: Necrotise         ||    47
    Use: Scroll            ||     2
 Armour: Robe              ||    10
  Dodge: Dodged            ||    19
